 Dungeon Crawl Stone Soup version 0.23.2-40-g277498a001 (webtiles) character file.

Game seed: 6406319857065187455

5347 FishyPogo the Frost Mage (level 10, -7/84 HPs)
             Began as a Naga Ice Elementalist on Aug 18, 2019.
             Was an Initiate of Sif Muna.
             Mangled by a two-headed ogre
             ... wielding a +0 giant club
              (19 damage)
             ... on level 8 of the Dungeon on Aug 23, 2019.
             The game lasted 00:50:52 (7465 turns).

FishyPogo the Frost Mage (Naga Ice Elementalist)    Turns: 7465, Time: 00:50:52

Health: -7/84      AC: 15    Str: 10    XL:     10   Next: 65%
Magic:  14/17      EV:  9    Int: 24    God:    Sif Muna [......]
Gold:   264        SH:  0    Dex: 12    Spells: 5/19 levels left

rFire    + . .     SeeInvis +   a - +2 dagger (holy)
rCold    + + .     Gourm    .   (no shield)
rNeg     . . .     Faith    .   I - +2 ring mail {rC+}
rPois    +         Spirit   .   E - +0 helmet
rElec    +         Reflect  .   A - +0 cloak
rCorr    +         Harm     .   y - +2 pair of gloves
MR       +....     Rnd*Tele +   (no barding)
Stlth    +.........             T - amulet of magic regeneration
HPRegen  0.24/turn              U - ring of teleportation (curse)
MPRegen  0.40/turn              o - +3 ring of slaying

@: brilliant, resistant, very slow
A: large, see invisible, deformed body, poison resistance, slowness 2, slow
metabolism 1, spit poison 1, AC +3
a: Spit Poison, Renounce Religion


You were on level 8 of the Dungeon.
You worshipped Sif Muna.
Sif Muna was noncommittal.
You were very full.

You visited 2 branches of the dungeon, and saw 9 of its levels.

You collected 300 gold pieces.
You spent 36 gold pieces at shops.

Inventory:

Hand Weapons
 a - a +2 dagger of holy wrath (weapon)
Missiles
 h - 353 stones (quivered)
 p - 10 javelins
 t - 6 throwing nets
 D - 3 tomahawks
Armour
 y - a +2 pair of gloves (worn)
 A - a +0 cloak (worn)
 C - a +3 ring mail
 E - a +0 helmet (worn)
 H - a +2 leather armour of cold resistance
 I - a +2 ring mail of cold resistance (worn)
 P - a +2 robe of magic resistance
 R - a +0 buckler
Jewellery
 k - an uncursed amulet of the gourmand
 o - a +3 ring of slaying (right hand)
 q - an uncursed ring of magical power
 T - an amulet of magic regeneration (around neck)
 U - a cursed ring of teleportation (left hand)
Wands
 m - a wand of random effects (16)
 x - a wand of digging (2)
 M - a wand of enslavement (10)
 N - a wand of polymorph (1)
 Q - a wand of scattershot (4)
 V - a wand of paralysis (5)
Scrolls
 b - 2 scrolls of amnesia {unknown}
 d - 3 scrolls of identify
 f - a scroll of fog {unknown}
 g - a scroll of fear {unknown}
 i - 4 scrolls of remove curse
 n - 4 scrolls of teleportation {unknown}
 u - a scroll of enchant weapon {unknown}
 B - a scroll of magic mapping {unknown}
 G - a scroll of torment {unknown}
 J - 2 scrolls of enchant armour {unknown}
 K - a scroll of blinking {unknown}
 L - a scroll of noise {unknown}
Potions
 e - a potion of resistance
 j - a potion of cancellation {unknown}
 l - 2 potions of mutation
 r - a potion of lignification {unknown}
 s - 3 potions of flight
 v - a potion of ambrosia {unknown}
 z - 4 potions of curing
 F - 2 potions of might
 O - a potion of berserk rage {unknown}
Comestibles
 c - 13 rations
 S - 6 chunks of flesh


   Skills:
 + Level 3.5 Fighting
 - Level 5.3 Short Blades
 - Level 6.0 Armour
 + Level 2.9 Dodging
 - Level 3.0 Stealth
 * Level 1.0 Shields
 * Level 0.9 Unarmed Combat
 - Level 5.0 Spellcasting
 - Level 1.0 Conjurations
 * Level 0.8 Summonings
 - Level 3.1 Transmutations
 * Level 9.1 Ice Magic
 + Level 5.0 Poison Magic


You had 5 spell levels left.
You knew the following spells:

 Your Spells              Type           Power        Failure   Level  Hunger
a - Freeze                Ice            ####         1%          1    None
b - Throw Frost           Conj/Ice       #####.       1%          2    None
d - Spider Form           Tmut/Pois      #####.....   1%          3    ##.....
e - Summon Ice Beast      Ice/Summ       #####...     3%          4    ####...
f - Ice Form              Ice/Tmut       #####...     1%          4    ####...

Your spell library contained the following spells:

 Spells                   Type           Power        Failure   Level  Hunger
 Beastly Appendage        Tmut           #####.       1%          1    None
 Sticks to Snakes         Tmut           #####...     1%          2    None
 Ozocubu's Armour         Chrm/Ice       #####...     1%          3    ##.....
 Throw Icicle             Conj/Ice       #####...     3%          4    ####...
 Blade Hands              Tmut           #####.....   16%         5    #####..


Dungeon Overview and Level Annotations

Branches:
Dungeon (8/15)             Temple (1/1) D:5            Lair (0/6) D:8

Altars:
Ashenzari
Cheibriados
Dithmenos
Elyvilon
Fedhas
Gozag
Hepliaklqana
Kikubaaqudgha
Makhleb
Nemelex Xobeh
Okawaru
Qazlal
Ru
Sif Muna
Trog
Uskayaw
Wu Jian
Xom
Yredelemnul
Zin
The Shining One

Shops:
D:7 [*}


Innate Abilities, Weirdness & Mutations

You cannot wear boots.
Your serpentine skin is tough. (AC +3)
You have supernaturally acute eyesight. (SInv)
Armour fits poorly on your strangely shaped body.
Your system is resistant to poisons. (rPois)
You cover ground very slowly.
You have a slow metabolism.
You can spit poison.


Message History

The two-headed ogre hits you with a +0 dire flail.
Casting: Freeze (safe; 1% risk of failure)
Confirm with . or Enter, or press ? or * to list all spells.
Aiming: Freeze (safe; 1% risk of failure)
Press: ? - help, Shift-Dir - straight line, f/p - two-headed ogre
Aim: a two-headed ogre, wielding a +0 giant club and a +0 dire flail (lightly wounded)
You freeze the two-headed ogre.
The two-headed ogre is lightly wounded.
The two-headed ogre hits you with a +0 giant club!
* * * LOW HITPOINT WARNING * * *
The two-headed ogre hits you with a +0 dire flail!
* * * LOW HITPOINT WARNING * * *
It was a potion of resistance.
You feel protected. The two-headed ogre barely misses you.
The two-headed ogre hits you but does no damage.
It was a potion of brilliance.
You feel clever all of a sudden.
The two-headed ogre hits you with a +0 giant club!!
You die...

#...........### #....
#...........#.# #...#
#.....>.....#.# #.#..
#...........#.# #.#.#
#.........÷.#.#####.#..
+....................÷.
#...##.##..[).......#.#
#..###..####).###.###.#
## #..@#.# #..###.###.#
#..#O.# #..........#
#.#..##........##...
##..#####...........
#..# #####..##... #.#
#..##..# #. #....[.# #
#####..# #..#


You could see a two-headed ogre.

Vanquished Creatures
  Harold (D:7)
  Pikel (D:3)
  Joseph (D:7)
  A hippogriff (D:7)
  Grinder (D:6)
  Menkaure (D:7)
  Edmund (D:4)
  2 orc warriors
  An ice beast (D:7)
  3 sky beasts
  A black bear (D:8)
  4 ogres
  2 centaurs (D:6)
  Blork the orc (D:5)
  A big kobold (D:7)
  3 bullfrogs
  A killer bee (D:8)
  3 scorpions
  5 wights (D:7)
  2 electric eels (D:7)
  A howler monkey (D:8)
  2 crimson imps (D:5)
  A centaur zombie (D:7)
  A quasit (D:7)
  A bullfrog zombie (D:5)
  3 hounds
  A bullfrog skeleton (D:6)
  3 jellies
  2 orc priests
  6 orc wizards
  Jessica (D:3)
  4 iguanas
  8 worker ants
  A killer bee zombie (D:3)
  A worker ant zombie (D:6)
  6 adders
  A howler monkey skeleton (D:4)
  An ooze (D:5)
  An adder skeleton (D:5)
  A worm (D:3)
  4 dart slugs
  3 leopard geckos
  26 orcs
  4 bats
  8 giant cockroaches
  11 goblins
  4 hobgoblins
  17 jackals
  6 quokkas
  A ball python (D:3)
  4 frilled lizards
  11 kobolds
  7 rats
188 creatures vanquished.

Vanquished Creatures (collateral kills)
  3 killer bees (D:8)
  A worker ant (D:8)
4 creatures vanquished.

Grand Total: 192 creatures vanquished

Notes
Turn   | Place    | Note
-------+----------+-------------------------------------------
     0 | D:1      | FishyPogo the Naga Ice Elementalist began the quest for the
                  | Orb.
     0 | D:1      | Reached XP level 1. HP: 15/15 MP: 3/3
   182 | D:1      | Reached XP level 2. HP: 22/22 MP: 3/5
   186 | D:1      | Learned a level 2 spell: Throw Frost
   369 | D:1      | Reached XP level 3. HP: 28/28 MP: 6/6
   937 | D:2      | Reached skill level 1 in Short Blades
  1077 | D:2      | Reached XP level 4. HP: 19/36 MP: 2/7
  1142 | D:2      | Found an opulent altar of Gozag.
  1498 | D:2      | Reached skill level 4 in Ice Magic
  1778 | D:3      | Noticed Jessica
  1791 | D:3      | Killed Jessica
  1791 | D:3      | Reached XP level 5. HP: 42/42 MP: 9/9
  2451 | D:4      | Noticed Pikel
  2451 | D:4      | Noticed an ogre
  2451 | D:4      | Noticed a slave
  2451 | D:4      | Noticed a slave
  2487 | D:3      | Killed Pikel
  2487 | D:3      | Reached skill level 5 in Ice Magic
  2487 | D:3      | Reached XP level 6. HP: 17/49 MP: 8/11
  2487 | D:3      | Reached XP level 7. HP: 19/55 MP: 8/12
  2608 | D:4      | Learned a level 3 spell: Spider Form
  2670 | D:4      | Noticed Edmund
  2681 | D:4      | Killed Edmund
  2681 | D:4      | Reached skill level 6 in Ice Magic
  2681 | D:4      | Reached skill level 1 in Poison Magic
  2681 | D:4      | Reached XP level 8. HP: 59/62 MP: 13/13
  2801 | D:4      | Found a bloodstained altar of Trog.
  2830 | D:4      | Found a shadowy altar of Dithmenos.
  2964 | D:5      | Entered Level 5 of the Dungeon
  3016 | D:5      | Found a staircase to the Ecumenical Temple.
  3023 | Temple   | Entered the Ecumenical Temple
  3197 | D:5      | Found a sacrificial altar of Ru.
  3438 | D:5      | Noticed Blork the orc
  3455 | D:5      | Killed Blork the orc
  3652 | D:5      | Got an ancient leather armour
  3663 | D:5      | Identified the +1 leather armour of Pingafoq {rC+} (You
                  | found it on level 5 of the Dungeon)
  3934 | D:5      | Reached skill level 7 in Ice Magic
  4032 | D:6      | Reached XP level 9. HP: 68/68 MP: 15/15
  4168 | D:6      | Reached skill level 5 in Poison Magic
  4529 | D:6      | Noticed Grinder
  4613 | D:6      | Paralysed by Grinder for 3 turns
  4643 | D:6      | Paralysed by Grinder for 5 turns
  4650 | D:6      | Killed Grinder
  4762 | D:6      | Found a shattered altar of Ashenzari.
  4831 | D:7      | Reached skill level 1 in Fighting
  4831 | D:7      | Reached skill level 5 in Armour
  4912 | D:7      | Found Festoilu's Antique Armour Boutique.
  4916 | D:7      | Noticed Harold
  5079 | D:7      | Noticed Joseph
  5110 | D:7      | Killed Joseph
  5110 | D:7      | Reached skill level 5 in Short Blades
  5110 | D:7      | Reached skill level 5 in Spellcasting
  5110 | D:7      | Reached skill level 8 in Ice Magic
  5308 | D:7      | Noticed Menkaure
  5344 | D:7      | Reached skill level 1 in Transmutations
  5366 | D:7      | Killed Menkaure
  5366 | D:7      | Reached XP level 10. HP: 48/80 MP: 10/17
  5430 | D:7      | Found an iron altar of Okawaru.
  5430 | D:7      | Found a faded altar of an unknown god.
  5436 | D:7      | Found a deep blue altar of Sif Muna.
  5438 | D:7      | Found a basalt altar of Yredelemnul.
  5440 | D:7      | Found a faded altar of an unknown god.
  5444 | D:7      | Became a worshipper of Sif Muna the Loreminder
  5584 | D:7      | Found Imyx's General Store.
  5673 | D:7      | HP: 3/81 [wight/+5 dire flail (2)]
  5945 | D:7      | Bought a potion of curing for 36 gold pieces
  6143 | D:7      | Learned a level 4 spell: Ice Form
  6221 | D:7      | Learned a level 4 spell: Summon Ice Beast
  6273 | D:7      | Found Wettu Reo's Gadget Emporium.
  6682 | D:7      | Killed Harold
  6682 | D:7      | Reached skill level 9 in Ice Magic
  6772 | D:8      | Found a blossoming altar of Fedhas.
  7280 | D:8      | Found a staircase to the Lair.
  7427 | D:8      | Reached skill level 1 in Shields
  7459 | D:8      | Noticed a two-headed ogre
  7465 | D:8      | Mangled by a two-headed ogre

Skill      XL: |  1  2  3  4  5  6  7  8  9 10 |
---------------+-------------------------------+-----
Dodging        | 2 |  2.9
Short Blades   | 1 2 3 4 5 |  5.3
Ice Magic      | 4 5 6 7 8 9 |  9.1
Armour         | 2 3 4 5 6 |  6.0
Spellcasting   | 3 4 5 |  5.0
Poison Magic   | 1 4 5 |  5.0
Fighting       | 2 3 |  3.5
Transmutations | 1 3 |  3.1
Shields        | 1 |  1.0
Stealth        | |  3.0
Unarmed Combat | |  0.9
Conjurations   | |  1.0
Summonings     | |  0.8

Action                   |  1- 3 |  4- 6 |  7- 9 | 10-12 || total
-------------------------+-------+-------+-------+-------++-------
Melee: Dagger            |    31 |    57 |   112 |    10 ||   210
       Unarmed           |       |       |       |    63 ||    63
Throw: Stone             |       |     1 |       |       ||     1
 Cast: Freeze            |     9 |    15 |   113 |    59 ||   196
       Throw Frost       |     2 |     5 |    83 |    32 ||   122
       Spider Form       |       |       |       |     4 ||     4
       Ice Form          |       |       |       |     3 ||     3
       Summon Ice Beast  |       |       |       |     1 ||     1
 Abil: Spit Poison       |    25 |    31 |    60 |    17 ||   133
       End Transformatio |       |       |       |     1 ||     1
Evoke: Wand              |       |       |       |     1 ||     1
  Use: Potion            |       |     1 |     2 |     3 ||     6
       Scroll            |       |     1 |       |     3 ||     4
 Stab: Sleeping          |     4 |     1 |     4 |       ||     9
       Distracted        |     1 |       |       |       ||     1
  Eat: Chunk             |     2 |    14 |    14 |     7 ||    37
Armor: Robe              |     5 |    14 |       |       ||    19
       Ring mail         |       |     8 |    30 |     8 ||    46
       Leather armour    |       |       |    68 |    15 ||    83
       Skin              |       |       |       |     9 ||     9
Dodge: Dodged            |    22 |    33 |   115 |    75 ||   245
